 Dungeon Crawl Stone Soup version 0.31-a0-1469-gd420192249 (webtiles) character file.

Game seed: 6699508456131093915

9312 browni3141 the Grappler (level 11, -13/86 HPs)
             Began as a Formicid Shapeshifter on Dec 28, 2023.
             Mangled by a cyclops (23 damage)
             ... on level 9 of the Dungeon on Dec 29, 2023.
             The game lasted 00:35:46 (11908 turns).

browni3141 the Grappler (Formicid Shapeshifter)    Turns: 11908, Time: 00:35:46

Health: -13/86     AC:  7    Str: 29    XL:     11   Next: 72%
Magic:  20/20      EV: 11    Int: 12    God:
Gold:   348        SH: 15    Dex: 18    Spells: 9/10 levels left

rFire   + .          .
                       - Unarmed
rCold   x . .        l - +3 kite shield of the Vaults {rC- Str+8 Dex+3}
rNeg    . . .        J - +1 ring mail {rF+}
rPois   .            (helmet unavailable)
rElec   .            (cloak currently unavailable)
rCorr   .            n - melded +0 pair of gloves
SInv    +            H - melded +0 pair of boots
Will    +....        K - amulet of magic regeneration
Stlth   +            (no ring)
HPRegen 0.34/turn    G - ring "Ocujamam" {MP+9 Int+2}
MPRegen 0.57/turn

%: no passive effects
@: beast-form
A: beast (slay +4), permanent stasis, dig shafts and tunnels, antennae 3, four
strong arms
a: Dig, Shaft Self, Begin Untransformation


You were on level 9 of the Dungeon.
You were a hulking beast.
You visited 2 branches of the dungeon, and saw 10 of its levels.

You collected 551 gold pieces.
You spent 203 gold pieces at shops.

Inventory:

Missiles
 S - a curare-tipped dart
Armour
 a - a +0 animal skin
 j - a +0 ring mail
 l - the +3 kite shield of the Vaults (worn) {rC- Str+8 Dex+3}
   (You acquired it on level 6 of the Dungeon)

   Str+8:     It affects your strength (+8).
   Dex+3:     It affects your dexterity (+3).
   rC-:       It makes you vulnerable to cold.
 n - a +0 pair of gloves (melded)
 H - a +0 pair of boots (melded)
 I - a +0 troll leather armour
 J - a +1 ring mail of fire resistance (worn)
 L - a +2 cloak of preservation
Jewellery
 p - a ring of ice
 G - the ring "Ocujamam" (right hand) {MP+9 Int+2}
   (You found it on level 8 of the Dungeon)

   [ring of magical power]

   Int+2:     It affects your intelligence (+2).
   MP+9:      It affects your magic capacity (+9).
 K - an amulet of magic regeneration (around neck)
 O - a +6 ring of strength
 P - a ring of fire
 Q - a ring of positive energy
Talismans
 d - a flux talisman
 E - a beast talisman (active)
Wands
 c - a wand of flame (1)
 w - a wand of iceblast (7)
 y - a wand of polymorph (15)
Scrolls
 e - a scroll of amnesia
 f - 3 scrolls of immolation
 g - 3 scrolls of blinking
 i - 3 scrolls of vulnerability
 k - a scroll of noise
 m - a scroll of enchant weapon
 r - a scroll of fear
 s - 2 scrolls of revelation
 t - 3 scrolls of teleportation
 x - 3 scrolls of fog
Potions
 b - 3 potions of lignification
 h - 3 potions of curing
 o - 2 potions of berserk rage
 q - 2 potions of mutation
 u - a potion of brilliance
 v - a potion of attraction
 z - a potion of invisibility {unknown}
 A - a potion of ambrosia {unknown}
 B - 2 potions of magic {unknown}
 C - a potion of degeneration {unknown}
 D - a potion of cancellation {unknown}
 F - a potion of heal wounds {unknown}
 R - a potion of haste {unknown}
Miscellaneous
 M - a lightning rod (1/4)
 N - a sack of spiders (inert)


   Skills:
 + Level 7.9 Fighting
 - Level 5.0 Armour
 - Level 2.0 Dodging
 - Level 1.0 Stealth
 * Level 9.6 Shields
 * Level 10.6 Unarmed Combat
 - Level 5.0 Evocations
 + Level 8.1 Shapeshifting


You had 9 spell levels left.
You knew the following spells:

 Your Spells              Type           Power      Damage    Failure   Level
a - Magic Dart            Conj           0%         1d3       58%         1

Your spell library contained the following spells:

 Spells                   Type           Power      Damage    Failure   Level
 Apportation              Tloc           0%         N/A       58%         1
 Slow                     Hex            0%         N/A       58%         1
 Call Imp                 Summ           0%         N/A       75%         2
 Jinxbite                 Hex            0%         N/A       75%         2
 Confusing Touch          Hex            0%         N/A       92%         3
 Frozen Ramparts          Ice            0%         1d1       92%         3
 Sigil of Binding         Hex            0%         N/A       92%         3
 Vampiric Draining        Necr           0%         2d6       92%         3
 Anguish                  Hex/Necr       0%         N/A       100%        4
 Cause Fear               Hex            0%         N/A       100%        4
 Leda's Liquefaction      Alch/Erth      0%         N/A       100%        4
 Petrify                  Alch/Erth      0%         N/A       100%        4
 Alistair's Intoxication  Alch           0%         N/A       100%        5
 Metabolic Englaciation   Hex/Ice        0%         N/A       100%        5
 Enfeeble                 Hex            0%         N/A       100%        7
 Blink                    Tloc           Unusable   N/A       N/A         2

Dungeon Overview and Level Annotations

Branches:
Dungeon (9/15)             Temple (1/1) D:5
   Lair: D:8-11         Orc: D:9-12

Altars:
Ashenzari
Cheibriados
Dithmenos
Elyvilon
Fedhas
Gozag
Hepliaklqana
Kikubaaqudgha
Makhleb
Okawaru
Qazlal
Trog
Vehumet
Wu Jian
Xom
Yredelemnul
Zin
The Shining One
Lugonu

Shops:
D:2 [

Annotations:
D:7 1 runed translucent door, exclusions: door and 2 more exclusions, Maggie


Innate Abilities, Weirdness & Mutations

You are a hulking beast.
Your limbs bulge with bestial killing power. (Slay +4)
You cannot be hasted, slowed, berserked, paralysed or teleported.
You can dig through walls and to a lower floor.
You have a pair of large antennae on your head. (SInv)
Your four strong arms can wield two-handed weapons with a shield.


Message History

The wyvern is heavily wounded.
You block the wyvern's attack.
You closely miss the wyvern.
The wyvern is heavily wounded.
You block the wyvern's attack. x2
You pummel the wyvern!!
You kill the wyvern!
Your lightning rod (1/4) has regained one charge.
A cyclops comes into view.
The cyclops shouts!
Things that are here:
a +5 great sword; a +0 robe A cyclops is nearby!
A cyclops is nearby!
The cyclops throws a large rock.
You block the large rock.
You start resting.
A cyclops is nearby!
You hit the cyclops.
The cyclops is lightly wounded.
The cyclops hits you!!
You hit the cyclops.
The cyclops is lightly wounded.
You completely miss the cyclops.
The cyclops is lightly wounded.
You block the cyclops's attack.
You hit the cyclops.
The cyclops is moderately wounded.
You punch the cyclops!
The cyclops is heavily wounded.
The cyclops hits you!
You completely miss the cyclops.
The cyclops is heavily wounded.
You barely miss the cyclops.
The cyclops is heavily wounded.
The cyclops hits you!!
* * * LOW HITPOINT WARNING * * *
You punch the cyclops!
The cyclops is severely wounded.
The cyclops hits you!!
You die...

#. ####### #. ###.....#
#. #.......# #.
#####.......## #
#............# #########
#.#####......# #.......#
#..?...h###..# #.##..#.#
#..#..C#.....###.....)..
#.##.####....).######
... #)# #####..#
#.......# ##..#
#..##.#.# #...#
#.......# #...# #.#..
C.# ##...#
.......######....#


You could see a cyclops.

Vanquished Creatures
  A catoblepas (D:9)
  A harpy (D:7)
  A deep elf pyromancer (D:9)
  Maurice (D:9)
  An elephant (D:9)
  A gargoyle (D:9)
  An unseen horror zombie (D:9)
  A freezing wraith (D:9)
  3 trolls
  2 wraiths (D:9)
  2 yaks
  2 wyverns (D:9)
  A steam dragon (D:8)
  Menkaure (D:5)
  An acid dragon (D:9)
  3 water moccasins
  2 sky beasts
  An orc warrior (D:9)
  2 ice beasts
  A black bear (D:6)
  4 ogres
  8 centaurs
  The ghost of gummybears the Magician, an amateur GnHW (D:3)
  A lemure (D:6)
  5 bullfrogs
  9 kobold brigands
  A wyvern zombie (D:9)
  2 scorpions
  5 wights (D:9)
  2 killer bees (D:9)
  A bombardier beetle (D:6)
  3 howler monkeys
  2 jellies
  3 centaur zombies (D:9)
  2 hounds
  4 orc priests
  3 iguanas
  A gnoll bouda (D:8)
  2 sleepcaps
  10 orc wizards
  A centaur simulacrum (D:9)
  A howler monkey zombie (D:9)
  9 adders
  7 gnolls
  2 shadow imps (D:7)
  A white imp (D:5)
  4 worms
  3 dart slugs
  21 orcs
  6 ball pythons
  3 endoplasms
  10 goblins
  6 hobgoblins
  4 jackals (D:1)
  4 quokkas
  3 bats
  A frilled lizard (D:1)
  37 kobolds
  7 rats
228 creatures vanquished.

Vanquished Creatures (others)
  A kobold (D:7)
1 creature vanquished.

Grand Total: 229 creatures vanquished

Notes
Turn   | Place    | Note
-------+----------+-------------------------------------------
     0 | D:1      | browni3141 the Formicid Shapeshifter began the quest for
                  | the Orb.
     0 | D:1      | Reached XP level 1. HP: 15/15 MP: 1/1
    61 | D:1      | Reached XP level 2. HP: 18/21 MP: 2/2
   122 | D:1      | Reached skill level 1 in Stealth
   229 | D:1      | Reached XP level 3. HP: 23/26 MP: 3/3
   704 | D:2      | Reached XP level 4. HP: 33/33 MP: 4/4
   799 | D:2      | Reached skill level 4 in Unarmed Combat
  1118 | D:2      | Found Dycecexu's Antique Armour Shop.
  1192 | D:2      | Upgraded the game from 0.31-a0-1447-g87ca8d402b to
                  | 0.31-a0-1469-gd420192249
  1307 | D:3      | Found a faded altar of an unknown god.
  1371 | D:3      | Found a stormy altar of Qazlal.
  1521 | D:3      | Found a blossoming altar of Fedhas.
  1658 | D:3      | Noticed an ogre
  1658 | D:3      | Noticed gummybears's ghost (amateur GnHW)
  1659 | D:3      | Identified the +9 giant spiked club of Vadafifae {heavy,
                  | Will++ rCorr Stlth-}
  1659 | D:3      | Noticed an ogre
  1660 | D:3      | Found a transporter.
  1664 | D:3      | Found a transporter.
  1911 | D:4      | Reached XP level 5. HP: 38/40 MP: 5/5
  2060 | D:4      | Reached skill level 5 in Unarmed Combat
  2060 | D:4      | Reached XP level 6. HP: 42/47 MP: 6/6
  2117 | D:4      | Found an opulent altar of Gozag.
  2830 | D:4      | Noticed an ogre
  2911 | D:4      | Killed an ogre
  2912 | D:4      | Reached XP level 7. HP: 53/53 MP: 7/7
  3070 | D:5      | Entered Level 5 of the Dungeon
  3189 | D:5      | Reached skill level 1 in Evocations
  3218 | D:5      | Noticed Menkaure
  3414 | D:5      | Found a hazy altar of Hepliaklqana.
  3418 | D:5      | Found a glowing silver altar of Zin.
  3421 | D:5      | Found a bloodstained altar of Trog.
  3421 | D:5      | Found a broken altar of Ashenzari.
  3426 | D:5      | Found a basalt altar of Yredelemnul.
  3623 | D:5      | Reached skill level 5 in Shapeshifting
  3809 | D:5      | Reached skill level 6 in Unarmed Combat
  3836 | D:5      | Identified a scroll of acquirement
  4067 | D:5      | HP: 2/52 [Menkaure/nerve-wracking pain (6)]
  4290 | D:6      | Reached XP level 8. HP: 54/60 MP: 8/8
  4725 | D:6      | Found a shadowy altar of Dithmenos.
  5308 | D:6      | Reached skill level 7 in Unarmed Combat
  5326 | D:7      | Noticed a hornet
  5326 | D:7      | Noticed Pikel
  5340 | D:6      | Reached skill level 5 in Fighting
  5405 | D:7      | Reached XP level 9. HP: 48/68 MP: 9/9
  5558 | D:7      | Reached skill level 1 in Armour
  5682 | D:7      | Found a runed translucent door.
  5682 | D:7      | Noticed a sixfirhy
  6051 | D:7      | Acquired the +3 kite shield of the Vaults {rC- Str+8 Dex+3}
  6134 | D:7      | Reached skill level 1 in Shields
  6135 | D:7      | a hornet changed into a harpy
  6135 | D:7      | Noticed a harpy
  6145 | D:7      | Killed a harpy
  6146 | D:7      | Reached skill level 8 in Unarmed Combat
  6409 | D:7      | Pikel changed into Pikel the bullfrog
  6409 | D:7      | Noticed Pikel
  6412 | D:7      | Killed Pikel the bullfrog
  6491 | D:7      | Noticed Maggie
  6630 | D:7      | Reached skill level 5 in Shields
  6630 | D:7      | Reached XP level 10. HP: 58/76 MP: 10/10
  7608 | D:8      | Reached skill level 9 in Unarmed Combat
  7959 | D:8      | Found an ancient bone altar of Kikubaaqudgha.
  7973 | D:8      | Found a snail-covered altar of Cheibriados.
  8281 | D:8      | Identified the ring "Ocujamam" {MP+9 Int+2}
  8368 | D:8      | Learned a level 1 spell: Magic Dart
  8447 | D:9      | Noticed Maurice
  8455 | D:9      | Maurice stole a beast talisman
  8458 | D:9      | Maurice stole 62 gold
  8460 | D:9      | Maurice stole 383 gold
  8463 | D:9      | Killed Maurice
  8947 | D:9      | Noticed a freezing wraith
  8977 | D:9      | Found Jawal's Weapon Boutique.
  9032 | D:9      | Noticed a gargoyle
  9043 | D:9      | Killed a gargoyle
  9507 | D:2      | Bought a runed ring mail for 203 gold pieces
  9604 | D:3      | Killed gummybears's ghost
  9611 | D:3      | Reached XP level 11. HP: 42/84 MP: 11/11
  9832 | D:5      | Found a staircase to the Ecumenical Temple.
 10016 | D:5      | Killed Menkaure
 10435 | D:5      | Found a hazy altar of Hepliaklqana.
 10438 | D:5      | Found a glowing silver altar of Zin.
 10446 | D:5      | Found a bloodstained altar of Trog.
 10446 | D:5      | Found a broken altar of Ashenzari.
 10453 | D:5      | Found a basalt altar of Yredelemnul.
 10747 | D:5      | Found a staircase to the Ecumenical Temple.
 10756 | Temple   | Entered the Ecumenical Temple
 11056 | D:9      | Noticed a two-headed ogre
 11057 | D:9      | a two-headed ogre changed into an elephant
 11057 | D:9      | Noticed an elephant
 11068 | D:9      | Killed an elephant
 11155 | D:9      | Found the +3 crown of Dyrovepreva {rElec Int+2 SInv}
 11175 | D:9      | Noticed a catoblepas
 11193 | D:9      | Reached skill level 10 in Unarmed Combat
 11227 | D:9      | Reached skill level 5 in Armour
 11285 | D:9      | Killed a catoblepas
 11286 | D:9      | Reached skill level 5 in Evocations
 11491 | D:9      | Noticed a deep elf pyromancer
 11513 | D:9      | Killed a deep elf pyromancer
 11890 | D:9      | Noticed a cyclops
 11908 | D:9      | Mangled by a cyclops

Illustrated notes

Levels and vault maps discovered:
D:1:      elethiomel_arrival_quiet, layout_rooms, minmay_box_of_dots
D:2:      layout_rooms, serial_shops, nicolae_shop_competitors_out_of_business,
          serial_aquarium, aquarium_bridge_square [aquarium_subvault_bridge,
          aquarium_subvault_bridge, aquarium_subvault_bridge,
          aquarium_subvault_window], aquarium_bridge_square
          [aquarium_subvault_window, aquarium_subvault_bridge,
          aquarium_subvault_window, aquarium_subvault_window],
          aquarium_window_fake, aquarium_window_1, aquarium_window_fake,
          aquarium_view_2e, aquarium_view_2a, aquarium_balcony_5b
D:3:      layout_loops_ring, grunt_temple_overflow_forces_of_nature,
          gammafunk_ghost_smash, shapermc_ecumenical_altar_starsandcircs,
          minmay_fountain_box
D:4:      layout_basic, grunt_gozag_statues
D:5:      layout_loops_ring, nicolae_overflow_hallway_of_the_gods, temple_hall,
          uniq_menkaure
D:6:      layout_loops_ring, lemuel_round_altar, minmay_unpleasant_kobolds
D:7:      cheibrodos_shockbox, layout_rooms, centaur_isle, uniq_pikel,
          uniq_maggie
D:8:      layout_cave_pools, mainiacjoe_overflow_alcove_4, slow_altar_1,
          dk_noncrumbling_2
D:9:      minmay_the_grid_octo_tiled_squarecenter
          [minmay_the_grid_octo_checkered, minmay_the_grid_octo_clover_2,
          minmay_the_grid_octo_shrine, minmay_the_grid_octo_fat_diamond,
          minmay_the_grid_square_5x5_megaprize_checkered,
          minmay_the_grid_square_5x5_tetrominoes,
          minmay_the_grid_square_5x5_pentomino_r,
          minmay_the_grid_square_5x5_inverted_slash,
          minmay_the_grid_square_5x5_checkered_statues], layout_loops_cross,
          nemelex_xobeh_ov_fountains_minmay, nicolae_uskayaw_dance_studio,
          serial_undead, serial_undead_a, serial_undead_a, serial_undead_c,
          serial_undead_a, serial_shops, nicolae_shop_bloodbath_and_beyond,
          library_closet, uniq_maurice
Temple:   corrupted_temple

Skill      XL: |  1  2  3  4  5  6  7  8  9 10 11 |
---------------+----------------------------------+-----
Stealth        | 1 |  1.0
Fighting       | 2 3 4 5 6 7 |  7.9
Unarmed Combat | 4 5 6 7 8 9 10 | 10.6
Shapeshifting  | 4 5 6 7 8 |  8.1
Evocations     | 2 3 4 5 |  5.0
Dodging        | 2 |  2.0
Armour         | 3 4 5 |  5.0
Shields        | 5 7 9 |  9.6

Action                     |  1- 3 |  4- 6 |  7- 9 | 10-12 || total
---------------------------+-------+-------+-------+-------++-------
  Melee: Unarmed           |    79 |   131 |   228 |   314 ||   752
         Punch             |     1 |     1 |    15 |       ||    17
   Cast: Magic Dart        |       |       |       |     3 ||     3
Ability: Dig               |     1 |       |     1 |       ||     2
  Evoke: Wand              |       |     3 |    36 |    12 ||    51
         Lightning rod     |       |       |       |     6 ||     6
         Sack of spiders   |       |       |       |     1 ||     1
    Use: Scroll            |       |     9 |     5 |     4 ||    18
   Stab: Petrified         |       |       |       |     2 ||     2
 Armour: Animal skin       |    34 |       |       |       ||    34
         Ring mail         |    12 |    68 |   167 |   109 ||   356
         Skin              |       |       |       |    64 ||    64
  Dodge: Dodged            |    55 |    47 |   105 |   125 ||   332
  Block: Kite shield       |       |       |    29 |   135 ||   164
   Form: Beast             |       |       |       |     1 ||     1
         Flux              |       |       |       |     1 ||     1

Table legend: (Time is in decaauts)
 A = Elapsed time spent in this place.
 B = Non-inter-level travel time spent in this place.
 C = Inter-level travel time spent in this place.
 D = Time resting spent in this place.
 E = Time spent auto-exploring this place.
 F = Levels seen in this place.
 G = Mean time per level.
                   A        B        C        D        E       F      G
               +--------+--------+--------+--------+--------+-----+--------+
         Total |  11851 |  10955 |    896 |   2100 |   6559 |  10 | 1185.1 |
       Dungeon |  11837 |  10947 |    890 |   2100 |   6559 |   9 | 1315.2 |
        Temple |     14 |      8 |      6 |      0 |      0 |   1 |   14.0 |
               +--------+--------+--------+--------+--------+-----+--------+

Top non-repeatable levels by time:
     D:8: 2028 daAuts
     D:5: 1828 daAuts
     D:6: 1604 daAuts
     D:4: 1514 daAuts
     D:7: 1473 daAuts
     D:9: 1310 daAuts
     D:3: 846 daAuts
     D:1: 687 daAuts
     D:2: 542 daAuts
  Temple: 14 daAuts
